Map: 2000 Atmospheres LE

Players

NightMare

  • Race: Protoss Protoss
  • League: Grandmaster

DRG - Winner!

  • Race: Zerg Zerg
  • League: Master

VOD

https://youtu.be/pcxX7FzdLiA

Description

Time

  • Played on: May 9, 2021, 1:18 a.m.
  • Length: 11:22
Show
View Real Time Build Order
Export as new Build Order

NightMare Protoss 

Build Orders: 1 Gate Expand 

Get SALT Encoding   

  12  0:00  Probe  
  13  0:12  Probe  
  14  0:17  Pylon  
  14  0:24  Probe  
  15  0:36  Probe (Chrono Boost)  
  15  0:37  Gateway  
  16  0:47  Probe (Chrono Boost), Assimilator  
  17  0:52  Probe (Chrono Boost)  
  18  1:03  Probe  
  19  1:15  Probe  
  20  1:23  Nexus  
  20  1:33  Cybernetics Core  
  20  1:35  Probe  
  21  1:41  Assimilator  
  21  1:47  Probe  
  21  1:52  Pylon  
  22  2:00  Probe  
  23  2:07  Adept (Chrono Boost)  
  23  2:12  Probe (Chrono Boost)  
  26  2:22  Probe (Chrono Boost), Twilight Council  
  27  2:23  Warp Gate  
  27  2:28  Probe (Chrono Boost)  
  28  2:30  Adept  
  28  2:35  Probe (Chrono Boost)  
  31  2:44  Probe x2 (Chrono Boost)  
  33  2:50  Robotics Facility, Probe  
  34  2:51  Probe  
  35  3:01  Resonating Glaives (Chrono Boost)  
  35  3:02  Probe  
  35  3:03  Probe  
  37  3:14  Probe, Gateway  
  37  3:15  Probe  
  37  3:17  Stalker  
  41  3:26  Gateway  
  41  3:28  Gateway  
  41  3:30  Probe  
  42  3:35  Warp Prism (Chrono Boost)  
  44  3:44  Pylon  
  44  3:52  Probe x2  
  44  3:54  Pylon  
  46  4:05  Probe  
  46  4:06  Pylon  
  46  4:07  Probe  
  48  4:11  Adept x2  
  48  4:14  Observer  
  53  4:17  Probe, Assimilator  
  53  4:19  Probe  
  55  4:25  Adept x2  
  55  4:28  Pylon  
  55  4:30  Probe  
  60  4:37  Adept x2  
  64  4:39  Assimilator  
  64  4:42  Pylon  
  64  4:48  Probe  
  65  4:54  Stalker x2  
  65  4:57  Pylon  
  65  4:58  Stalker x2  
  73  5:07  Probe x2  
  73  5:08  Robotics Bay  
  73  5:10  Pylon  
  73  5:31  Adept x4  
  81  5:47  Blink (Chrono Boost), Nexus  
  81  5:48  Pylon  
  69  5:58  Disruptor (Chrono Boost)  
  69  6:00  Adept x3  
  69  6:01  Adept  
  80  6:05  Probe x2  
  80  6:06  Forge  
  82  6:17  Probe x2, Shield Battery  
  84  6:24  Disruptor (Chrono Boost)  
  84  6:25  Gateway  
  84  6:27  Gateway  
  84  6:32  Probe x2  
  89  6:45  Stalker x4  
  98  6:47  Probe x2  
  98  6:51  Shield Battery  
  98  6:54  Disruptor (Chrono Boost)  
  102  7:09  Probe x2  
  102  7:10  Probe  
  102  7:11  Gateway  
  102  7:12  Gateway  
  105  7:19  Stalker x3  
  105  7:20  Sentry  
  105  7:21  Protoss Ground Weapons Level 1 (Chrono Boost)  
  113  7:25  Probe  
  113  7:26  Probe x2  
  116  7:33  Stalker x2  
  120  7:38  Probe  
  120  7:40  Pylon x2  
  121  7:46  Adept x2  
  122  7:56  Stalker x3  
  122  7:57  Stalker  
  112  8:09  Stalker x4  
  102  8:17  Stalker x4  
  96  8:20  Stalker  
  96  8:21  Stalker  
  95  8:29  Stalker x2  
  95  8:30  Probe  
  95  8:31  Probe x2  
  95  8:33  Assimilator  
  102  8:34  Assimilator  
  102  8:41  Stalker x4  
  108  8:47  Probe x3  
  98  8:55  Zealot  
  98  8:56  Zealot x2  
  98  9:01  Disruptor (Chrono Boost)  
  93  9:12  Shield Battery  
  93  9:13  Stalker x2, Shield Battery x2  
  93  9:14  Stalker x2  
  93  9:16  Pylon  
  101  9:17  Pylon  
  101  9:20  Stalker  
  101  9:29  Disruptor (Chrono Boost)  
  90  9:38  Stalker  
  90  9:39  Stalker x2  
  90  9:43  Stalker x2  
  90  9:44  Zealot x2  
  98  9:48  Stalker  
  75  10:11  Stalker x6  
  75  10:12  Zealot x2  
  75  10:37  Stalker x5  
  85  11:00  Stalker x4  
  93  11:10  Zealot  
Show
View Real Time Build Order
Export as new Build Order

DRG Zerg - Winner!

Build Orders: Hatch First 

Get SALT Encoding   

  12  0:00  Drone  
  13  0:12  Overlord  
  13  0:16  Drone  
  14  0:30  Drone x2  
  16  0:47  Hatchery  
  15  0:50  Drone  
  15  0:53  Drone  
  17  0:57  Drone  
  18  1:08  Extractor  
  17  1:13  Spawning Pool  
  17  1:16  Drone  
  17  1:19  Drone  
  18  1:28  Drone  
  19  1:39  Drone  
  20  1:49  Drone, Hatchery  
  20  2:00  Drone x2  
  22  2:05  Queen  
  24  2:11  Drone  
  24  2:13  Overlord  
  25  2:21  Queen  
  27  2:24  Drone  
  27  2:28  Metabolic Boost  
  28  2:33  Zergling x2  
  28  2:35  Zergling x2  
  30  2:37  Drone  
  30  2:43  Drone x2  
  33  2:47  Queen  
  35  2:53  Drone  
  36  3:00  Queen  
  38  3:05  Overlord  
  38  3:06  Drone  
  38  3:09  Overlord  
  38  3:11  Drone  
  40  3:15  Drone x2  
  42  3:23  Overlord, Queen  
  42  3:26  Drone x2  
  46  3:30  Drone x2  
  46  3:32  Drone  
  50  3:34  Drone  
  50  3:40  Roach Warren  
  50  3:41  Extractor  
  48  3:42  Drone  
  48  3:44  Drone  
  48  3:46  Drone  
  48  3:48  Overlord  
  51  3:50  Drone  
  51  3:55  Drone x3  
  55  3:59  Zergling x4  
  57  4:03  Overlord  
  57  4:05  Zergling x2  
  57  4:06  Zergling x4  
  57  4:09  Overlord  
  60  4:20  Overlord, Roach x3  
  60  4:21  Overlord  
  66  4:26  Spore Crawler, Zergling x2  
  66  4:28  Zergling x2  
  66  4:33  Zergling x8  
  66  4:36  Zergling x2  
  66  4:37  Zergling x4  
  71  4:41  Ravager x3  
  71  4:42  Zergling x4  
  71  4:45  Zergling x6  
  79  4:48  Zergling x4  
  79  4:52  Zergling x2  
  82  4:58  Roach x2  
  86  5:00  Spore Crawler  
  86  5:02  Overlord  
  86  5:05  Zergling x8  
  89  5:16  Drone x7  
  89  5:21  Drone x2  
  98  5:23  Lair  
  98  5:26  Drone  
  99  5:29  Drone  
  99  5:31  Drone x2  
  99  5:35  Extractor x2  
  100  5:37  Drone x2  
  100  5:39  Drone  
  100  5:40  Drone  
  100  5:41  Overlord  
  100  5:42  Ravager  
  105  5:43  Overlord  
  105  5:48  Drone x4  
  99  5:51  Drone  
  99  5:54  Overlord  
  99  5:55  Drone  
  92  5:59  Drone x3  
  93  6:04  Evolution Chamber  
  93  6:05  Roach, Extractor  
  93  6:07  Ravager  
  94  6:12  Roach x4  
  94  6:13  Roach x3  
  94  6:14  Zergling x2  
  94  6:16  Zergling x2  
  94  6:18  Overlord  
  110  6:20  Overlord  
  110  6:21  Glial Reconstitution  
  110  6:27  Roach x4  
  110  6:29  Overseer  
  118  6:36  Roach  
  118  6:37  Roach x2  
  123  6:43  Zergling x14  
  128  6:49  Zerg Missile Weapons Level 1  
  128  6:53  Roach x2  
  132  6:56  Overlord x2  
  132  6:59  Overlord x2  
  132  7:01  Overseer  
  132  7:08  Overlord x2  
  132  7:17  Zergling x10  
  132  7:18  Hatchery  
  136  7:24  Zergling x2  
  136  7:25  Zergling x8  
  141  7:34  Zergling x10  
  145  7:37  Roach x3  
  148  7:46  Zergling x6  
  147  7:54  Zergling x4  
  147  7:55  Zergling x6  
  132  7:59  Roach x4  
  132  8:04  Zergling x2  
  131  8:08  Roach x4  
  127  8:13  Roach  
  127  8:16  Roach  
  119  8:21  Queen x2, Roach x4  
  124  8:28  Baneling Nest, Roach  
  124  8:29  Roach x4  
  124  8:30  Ravager x6, Zergling x4  
  138  8:35  Zergling x8  
  138  8:42  Zergling x6  
  138  8:43  Zerg Melee Weapons Level 1  
  138  8:48  Zergling x6  
  136  8:54  Roach x4  
  132  8:57  Roach  
  132  8:58  Roach x3  
  141  9:02  Roach  
  141  9:03  Roach  
  141  9:06  Zergling x8  
  142  9:10  Zergling x2  
  142  9:11  Zergling x4  
  142  9:13  Zergling x2  
  142  9:15  Ravager x5  
  151  9:18  Baneling x4  
  151  9:20  Zergling x2  
  151  9:21  Zergling x2  
  151  9:23  Zergling x4  
  154  9:31  Zergling x14  
  156  9:33  Zergling x4  
  151  9:43  Zergling x12  
  154  9:48  Zergling x12  
  151  9:53  Zergling x6  
  151  9:58  Zergling x4  
  151  9:59  Zergling x4  
  155  10:00  Centrifical Hooks  
  155  10:04  Zergling x10  
  158  10:09  Drone x4  
  158  10:11  Extractor  
  158  10:13  Zergling x6  
  161  10:18  Roach x2  
  134  10:24  Roach x4  
  138  10:30  Drone x3  
  141  10:43  Zergling x14  
  141  10:47  Spore Crawler  
  147  10:51  Zergling x18  
  156  10:57  Zergling x6  
Tags
 
Add a new tag
Caveats
  • Supply blocks, unpowered buildings, or Contaminate may cause inaccurate times.
  • Supply counts are checked every 10 seconds.